 Dungeon Crawl Stone Soup version 0.22-a0-21-g9421e3f (webtiles) character file.

935 Lanoc the Slasher (level 7, -2/49 HPs)
             Began as a Demonspawn Chaos Knight on Jan 3, 2018.
             Slain by Gorglomux's ghost (9 damage)
             ... on level 6 of the Dungeon.
             The game lasted 00:10:43 (4339 turns).

Lanoc the Slasher (Demonspawn Chaos Knight)         Turns: 4339, Time: 00:10:44

Health: -2/49      AC: 16    Str: 20    XL:     7   Next: 87%
Magic:  0/7        EV: 18    Int: 13    God:    Xom [.*....]
Gold:   341        SH:  0    Dex: 15    Spells: 6/6 levels left

rFire    + . .     SeeInvis +   a - +0 falchion (chaos)
rCold    + . .     Gourm    .   (no shield)
rNeg     . . .     Faith    .   b - +2 leather armour
rPois    +         Spirit   +   (no helmet)
rElec    +         Reflect  .   n - +1 cloak
rCorr    +         Harm     .   (no gloves)
MR       +....                  (no boots)
Stlth    ++........             (no amulet)
HPRegen  0.16/turn              m - ring of protection from magic
MPRegen  0.20/turn              z - ring of see invisible

@: mighty, agile, resistant, sanguine armour, hasted, very quick
A: claws 1, clumsy 2, frail 1, spiny 1, strong 1, magic shield, magic
regeneration, sanguine armour 2
a: Renounce Religion


You were on level 6 of the Dungeon.
You worshipped Xom.
You were a plaything of Xom.
You were not hungry.

You visited 2 branches of the dungeon, and saw 7 of its levels.

You collected 341 gold pieces.

Inventory:

Hand Weapons
 a - a +0 falchion of chaos (weapon)
Missiles
 h - 91 arrows
 p - 23 bolts
Armour
 b - a +2 leather armour (worn)
 f - a +0 cloak
 n - a +1 cloak (worn)
Jewellery
 m - a ring of protection from magic (left claw)
 v - an uncursed ring of protection from magic
 z - a ring of see invisible (right claw)
Wands
 B - a wand of polymorph (19)
Scrolls
 d - 2 scrolls of magic mapping {unknown}
 l - 2 scrolls of teleportation
 r - 3 scrolls of blinking {unknown}
 u - a scroll of enchant weapon {unknown}
 y - 3 scrolls of amnesia {unknown}
 A - 4 scrolls of remove curse
 C - a scroll of identify
 D - a scroll of random uselessness {unknown}
 E - a scroll of fog {unknown}
 G - a scroll of immolation {unknown}
 I - a scroll of holy word {unknown}
Potions
 g - a potion of agility
 i - 5 potions of curing
 j - a potion of cancellation
 k - a potion of haste
 o - 2 potions of flight
 t - 2 potions of degeneration {unknown}
 w - a potion of lignification {unknown}
Books
 x - a book of Misfortune

   Spells                             Type                      Level
   a - Confusing Touch                Hexes                        1
   b - Confuse                        Hexes                        3
   c - Gell's Gravitas                Translocation                3
   d - Petrify                        Transmutation/Earth          4
   e - Metabolic Englaciation         Hexes/Ice                    5
   f - Yara's Violent Unravelling     Hexes/Transmutation          5
 F - a book of Minor Magic

   Spells                             Type                      Level
   a - Magic Dart                     Conjuration                  1
   b - Blink                          Translocation                2
   c - Call Imp                       Summoning                    2
   d - Slow                           Hexes                        2
   e - Conjure Flame                  Conjuration/Fire             3
   f - Mephitic Cloud                 Conjuration/Poison/Air       3
Comestibles
 c - 10 rations
 H - 9 chunks of flesh


   Skills:
 + Level 4.9 Fighting
 * Level 5.9 Long Blades
 + Level 4.0 Armour
 + Level 3.6 Dodging


You had 6 spell levels left.
You didn't know any spells.

Dungeon Overview and Level Annotations

Branches:
Dungeon (6/15)             Temple (1/1) D:6

Altars:
Ashenzari
Cheibriados
Dithmenos
Elyvilon
Fedhas
Gozag
Hepliaklqana
Kikubaaqudgha
Makhleb
Nemelex Xobeh
Okawaru
Qazlal
Sif Muna
Uskayaw
Vehumet
Wu Jian
Xom
Zin
The Shining One

Annotations:
D:6 Gorglomux's ghost, novice MfHu


Innate Abilities, Weirdness & Mutations

You have sharp fingernails.
You are partially covered in sharp spines.
When hurt, damage is shared between your health and your magic reserves.
You regenerate magic rapidly.
When seriously injured, your bleeding wounds create thick armour. (AC +9)
You are very clumsy. (Dex -4)
You are frail. (-10% HP)
Your muscles are strong. (Str +2)


Message History

Gorglomux's ghost is struck by your spines.
Gorglomux's ghost completely misses you.
You hit Gorglomux's ghost.
Gorglomux's ghost is heavily damaged.
Gorglomux's ghost is struck by your spines.
Gorglomux's ghost hits you.
* * * LOW HITPOINT WARNING * * *
You hit Gorglomux's ghost.
Wisps of vapour drift from Gorglomux's ghost's hands.
Gorglomux's ghost is severely damaged.
Gorglomux's ghost misses you.
You closely miss Gorglomux's ghost.
Gorglomux's ghost is severely damaged.
Gorglomux's ghost ripples.
Gorglomux's ghost hits you but does no damage.
You slash Gorglomux's ghost! You burn Gorglomux's ghost.
Gorglomux's ghost is severely damaged.
Gorglomux's ghost hits you!
You die...
Xom snickers!

≈≈≈.....##......#...J.
≈§≈.....##............
§§≈.............##
≈≈.......)[)....#
≈.......##......# ###
........##......# ##.# #######
........##......####..# #......
#######.####.#..W##...#####......
#...##.#..@##.#............
###...........)..).###.####
###........#)....# #.#
.................# #.#
####.............# #.#
###############..........# #.#
.........................###.#
...####....##..>.........#...#
...####.......#..........#.#####


You could see Gorglomux's ghost.

Vanquished Creatures
  A phantom (D:6)
  An ogre (D:5)
  Blork the orc (D:6)
  2 water moccasin skeletons
  A scorpion (D:4)
  A hound (D:4)
  A jelly (D:6)
  2 orc wizards (D:6)
  Natasha (D:2)
  Terence (D:3)
  6 worker ants
  A hound skeleton (D:4)
  A worker ant zombie (D:5)
  2 gnolls
  A howler monkey skeleton (D:5)
  7 adders
  A dart slug (D:1)
  6 leopard geckos
  13 orcs
  6 giant cockroaches
  6 goblins
  10 hobgoblins
  13 jackals
  4 quokkas
  2 ball pythons
  6 bats
  4 frilled lizards
  3 kobolds
  3 quokka skeletons
  10 rats
117 creatures vanquished.

Vanquished Creatures (collateral kills)
  3 gnolls (D:3)
3 creatures vanquished.

Vanquished Creatures (others)
  A human (D:4)
  A hobgoblin (D:2)
2 creatures vanquished.

Grand Total: 122 creatures vanquished

Notes
Turn   | Place    | Note
-------+----------+-------------------------------------------
     0 | D:1      | Lanoc the Demonspawn Chaos Knight began the quest for the Orb.
     0 | D:1      | Reached XP level 1. HP: 18/18 MP: 1/1
    47 | D:1      | Reached skill level 1 in Dodging
    85 | D:1      | XOM: potion effect (brilliance)
    97 | D:1      | Gained mutation: When seriously injured, your bleeding wounds create armour. (AC +9) [demonic ancestry]
    97 | D:1      | Reached XP level 2. HP: 19/24 MP: 2/2
   104 | D:1      | Reached skill level 3 in Long Blades
   144 | D:1      | XOM: noise
   389 | D:1      | Gained mutation: When hurt, damage is shared between your health and your magic reserves. [demonic ancestry]
   389 | D:1      | Reached XP level 3. HP: 28/29 MP: 3/3
   729 | D:1      | XOM: harmless Conj miscast
   751 | D:1      | XOM: give mutations
   751 | D:1      | Gained mutation: Your muscles are strong. (Str +2) [Xom's mischief]
   751 | D:1      | Gained mutation: You are clumsy. (Dex -2) [Xom's mischief]
   751 | D:1      | Gained mutation: You are very clumsy. (Dex -4) [Xom's mischief]
   751 | D:1      | Gained mutation: You are frail. (-10% HP) [Xom's mischief]
   903 | D:2      | Noticed Natasha
   905 | D:2      | Found a blossoming altar of Fedhas.
   905 | D:2      | XOM: 6-stop teleportation journey
  1151 | D:2      | XOM: enchant monster (bad)
  1288 | D:2      | XOM: noise
  1299 | D:2      | Killed Natasha
  1299 | D:2      | Gained mutation: You are partially covered in sharp spines. [demonic ancestry]
  1299 | D:2      | Reached XP level 4. HP: 24/31 MP: 2/4
  1487 | D:3      | XOM: silly message
  1524 | D:3      | XOM: summons 3 friendly demons
  1752 | D:3      | Reached skill level 4 in Long Blades
  1752 | D:3      | Gained mutation: You have sharp fingernails. [demonic ancestry]
  1752 | D:3      | Reached XP level 5. HP: 34/37 MP: 5/5
  1844 | D:3      | XOM: noise
  1846 | D:3      | Found an ancient bone altar of Kikubaaqudgha.
  1849 | D:3      | Found a deep blue altar of Sif Muna.
  1863 | D:3      | XOM: harmless Necr miscast
  1887 | D:3      | Noticed Terence
  1906 | D:3      | Killed Terence
  1958 | D:3      | Found a glowing golden altar of the Shining One.
  1984 | D:3      | XOM: mild Hex miscast
  2173 | D:4      | XOM: silly message
  2180 | D:4      | XOM: confuse monster(s)
  2182 | D:4      | Gained mutation: You regenerate magic rapidly. [demonic ancestry]
  2182 | D:4      | Reached XP level 6. HP: 37/43 MP: 6/6
  2356 | D:4      | XOM: 1-stop teleportation journey
  2392 | D:4      | Found a radiant altar of Vehumet.
  2428 | D:4      | Found an ancient bone altar of Kikubaaqudgha.
  2428 | D:4      | Noticed a human
  2431 | D:4      | Killed a human
  2554 | D:4      | Found an iron altar of Okawaru.
  2822 | D:4      | Found a white marble altar of Elyvilon.
  2833 | D:4      | Reached skill level 5 in Long Blades
  2952 | D:4      | XOM: god gift: glowing cyan potion {god gift}
  3327 | D:5      | Entered Level 5 of the Dungeon
  3432 | D:5      | Gained mutation: When seriously injured, your bleeding wounds create thick armour. (AC +9) [demonic ancestry]
  3432 | D:5      | Reached XP level 7. HP: 49/49 MP: 7/7
  3703 | D:5      | XOM: medium Necr miscast
  3795 | D:5      | Found Lituply's Antique Weapon Boutique.
  3902 | D:6      | XOM: scenery: create altars
  3947 | D:6      | Noticed Blork the orc
  3978 | D:5      | XOM: harmless Air miscast
  4086 | D:6      | Killed Blork the orc
  4227 | D:6      | Found a staircase to the Ecumenical Temple.
  4236 | Temple   | Entered the Ecumenical Temple
  4299 | D:6      | Noticed Gorglomux's ghost (novice MfHu)
  4307 | D:6      | XOM: confuse monster(s)
  4339 | D:6      | Slain by Gorglomux's ghost

Vault maps used:
D:1:      elethiomel_arrival_quiet, st_stairs_5
D:2:      fedhas_altar_1, uniq_natasha
D:3:      tso_altar, grunt_temple_overflow_open, uniq_terence
D:4:      kennysheep_six_static_rooms, old_standard_altar, vehumet_crystals,
          kennysheep_little_box, hangedman_decor_lopped,
          hangedman_decor_growths, tgw_kikubaaqudgha
D:5:      serial_shops, shop, first_ration, kennysheep_generic_room_11
D:6:      minmay_temple_entry_mist, hangedman_abyss_or_decor_passed,
          uniq_blork_the_orc
Temple:   nicolae_temple_x_marks_the_god

Skill      XL: |  1  2  3  4  5  6  7 |
---------------+----------------------+-----
Dodging        | 1 2 3 |  3.6
Armour         | 2 3 4 |  4.0
Long Blades    | 3 4 5 |  5.9
Fighting       | 4 |  4.9

Action                   |  1- 3 |  4- 6 |  7- 9 || total
-------------------------+-------+-------+-------++-------
Melee: Falchion          |   129 |   114 |    89 ||   332
  Use: Scroll            |       |     9 |       ||     9
       Potion            |       |       |     5 ||     5
 Stab: Paralysed         |       |     4 |       ||     4
       Petrifying        |       |     1 |       ||     1
  Eat: Chunk             |     1 |     6 |     1 ||     8
       Ration            |       |       |     1 ||     1
Armor: Leather armour    |    62 |    42 |    28 ||   132
Dodge: Dodged            |    81 |    67 |    54 ||   202
       Rpst.: Falchion   |    31 |    21 |    11 ||    63

Table legend:
 A = Spawn XP
 B = Non-spawn XP
 C = Spawn XP percentage of total XP
 D = Spawn monster count
 E = Non-spawn monster count
 F = Spawn count percentage of total count
 G = Total turns spent on level
                    A         B        C        D         E        F      G
               +---------+---------+-------+---------+---------+-------+---------
         Total |       0 |    1337 |   0.0 |       0 |     121 |   0.0 |  4339
               +---------+---------+-------+---------+---------+-------+---------
           D:1 |       0 |      52 |   0.0 |       0 |      25 |   0.0 |   855
           D:2 |       0 |      87 |   0.0 |       0 |      18 |   0.0 |   613
           D:3 |       0 |     167 |   0.0 |       0 |      24 |   0.0 |   701
           D:4 |       0 |     391 |   0.0 |       0 |      22 |   0.0 |  1158
           D:5 |       0 |     221 |   0.0 |       0 |       8 |   0.0 |   656
           D:6 |       0 |     419 |   0.0 |       0 |      24 |   0.0 |   293
               +---------+---------+-------+---------+---------+-------+---------
